 Dungeon Crawl Stone Soup version 0.32-a0-705-g60f233581c (webtiles) character file.

Game seed: 4271297020378614093

306 croobank the Chopper (level 6, 0/53 HPs)
             Began as a Mountain Dwarf Fighter on Mar 14, 2024.
             Slain by Eustachio
             ... wielding a +0 rapier of speed
              (5 damage)
             ... on level 4 of the Dungeon.
             The game lasted 00:04:14 (2146 turns).

croobank the Chopper (Mountain Dwarf Fighter)       Turns: 2146, Time: 00:04:15

Health: 0/53       AC:  8    Str: 21    XL:     6   Next: 16%
Magic:  6/6        EV:  8    Int:  8    God:
Gold:   93         SH:  4    Dex: 12    Spells: 5/5 levels left

rFire   + . .        e - +4 broad axe "Umujum" {flame, rF+ Dex+3}
rCold   . . .        c - +0 buckler
rNeg    . . .        b - +0 scale mail
rPois   .            (no helmet)
rElec   .            (no cloak)
rCorr   .            k - +0 pair of gloves
SInv    .            (no boots)
Will    .....        (no amulet) Stlth
                     (no ring)
HPRegen 0.28/turn    (no ring)
MPRegen 0.10/turn

%: no passive effects
@: mighty
A: runic magic, artefact enchanting
a: no special abilities


You were on level 4 of the Dungeon.
You visited 1 branch of the dungeon, and saw 4 of its levels.

You collected 93 gold pieces.

Inventory:

Hand Weapons
 a - a +0 war axe
 e - the +4 broad axe "Umujum" (weapon) {flame, rF+ Dex+3}
   (You acquired it on level 1 of the Dungeon)

   Dex+3:     It affects your dexterity (+3).
   rF+:       It protects you from fire.
 p - a +2 dagger of draining
Armour
 b - a +0 scale mail (worn)
 c - a +0 buckler (worn)
 k - a +0 pair of gloves (worn)
Scrolls
 f - 2 scrolls of poison {unknown}
 g - 3 scrolls of identify {unknown}
 h - a scroll of noise {unknown}
 i - a scroll of enchant weapon {unknown}
 j - a scroll of vulnerability {unknown}
 l - a scroll of teleportation {unknown}
 m - a scroll of revelation {unknown}
 n - a scroll of immolation {unknown}
 o - a scroll of summoning {unknown}
 t - a scroll of enchant armour {unknown}
 v - a scroll of fear {unknown}
Potions
 q - 2 potions of haste {unknown}
 r - a potion of enlightenment {unknown}
 s - a potion of heal wounds {unknown}
 u - a potion of brilliance {unknown}


   Skills:
 + Level 4.5 Fighting
 * Level 5.2 Axes
 + Level 4.4 Armour
 + Level 4.5 Shields


You had 5 spell levels left.
You didn't know any spells.
Your spell library contained the following spells:

 Spells                   Type           Power      Damage    Failure   Level
 Freeze                   Ice            0%         1d3       56%         1
 Necrotise                Necr           0%         1d4       56%         1
 Frozen Ramparts          Ice            0%         1d1       90%         3
 Hailstorm                Conj/Ice       0%         3d5       90%         3


Dungeon Overview and Level Annotations

Branches:
Dungeon (4/15)
 Temple: D:4-7

Altars:
Kikubaaqudgha
Ru
Sif Muna
Vehumet

Shops:
D:2 =

Annotations:
D:4 Eustachio


Innate Abilities, Weirdness & Mutations

Your spellcasting is much less encumbered by armour.
You can use scrolls of enchantment on lesser artefacts.


Message History

Sigmund hits you with a +0 scythe.
Sigmund casts a spell.
Sigmund flickers and vanishes!
Deactivating autopickup; reactivate with Ctrl-A.
You hear a shout!
Eustachio the Magnificent comes into view.
He is wielding a +0 rapier of speed and wearing a +1 leather armour of fire resistance.
Something hits you!
* * * LOW HITPOINT WARNING * * *
A ball python comes into view.
Something hits you but does no damage.
You hear some strange, mumbled words.
A puff of flame appears from out of thin air!
The puff of flame hits you but does no damage.
You closely miss something.
You feel less confused.
You hear some strange, mumbled words.
A magic dart appears from out of thin air!
The magic dart hits you.
* * * LOW HITPOINT WARNING * * *
You slash something! You burn something.
Reactivating autopickup.
You feel a bit more experienced. Eustachio hits you but does no damage.
Your Axes skill increases to level 5!
You have reached level 6!
You feel very mighty all of a sudden. Eustachio hits you but does no damage.
You hit Eustachio.
Eustachio is lightly wounded.
Eustachio mumbles some strange words.
Eustachio hits you with a +0 rapier of speed.
* * * LOW HITPOINT WARNING * * *
You barely miss Eustachio.
Eustachio is lightly wounded.
You slash the bat! You burn the bat.
You kill the bat!
The bat's corpse disappears in a puff of smoke!
Eustachio gestures wildly while chanting.
Eustachio hits you with a +0 rapier of speed.
You die...
Eustachio says, "Such is the fate of all honourless rascals."

...# .. . #..## .##
.# . #...####..#S..
.. ....#....... #..
##.#.†.@# #...
#...5..##### #....
#....##....#.
......#<..)@r......
.........#§@5.#....
..##.....##..5# #..
#.........:..## .
##.....?###..#
##....## #.## #####
###


You could see Eustachio, an iron imp (summoned), 2 white imps and a rat
(summoned).

Vanquished Creatures
  Sigmund (D:4)
  2 bombardier beetles (D:3)
  3 adders (D:3)
  2 dart slugs (D:3)
  3 bats
  5 endoplasms
  3 giant cockroaches
  4 hobgoblins
  3 quokkas
  3 ball pythons (D:1)
  6 goblins
  7 kobolds
  5 rats
47 creatures vanquished.

Notes
Turn   | Place    | Note
-------+----------+-------------------------------------------
     0 | D:1      | croobank the Mountain Dwarf Fighter began the quest for the
                  | Orb.
     0 | D:1      | Reached XP level 1. HP: 19/19 MP: 1/1
   245 | D:1      | Reached XP level 2. HP: 24/26 MP: 2/2
   424 | D:1      | Identified a scroll of acquirement
   424 | D:1      | Acquired the +4 broad axe "Umujum" {flame, rF+ Dex+3}
   803 | D:2      | Reached skill level 3 in Axes
   971 | D:2      | Reached XP level 3. HP: 25/28 MP: 3/3
  1116 | D:2      | Found Ympoah's Jewellery Emporium.
  1371 | D:3      | Found a sacrificial altar of Ru.
  1441 | D:3      | Identified the +7 short sword "Gegituh" {pain, rPois rN+
                  | Int+4}
  1538 | D:3      | Reached XP level 4. HP: 24/40 MP: 4/4
  1640 | D:3      | Reached skill level 4 in Axes
  1799 | D:3      | Reached XP level 5. HP: 45/46 MP: 5/5
  1981 | D:3      | Found an ancient bone altar of Kikubaaqudgha.
  1982 | D:3      | Found a radiant altar of Vehumet.
  1983 | D:3      | Found a shimmering blue altar of Sif Muna.
  1988 | D:3      | Got Kikubaaqudgha's Grimoire of Cadavers
  2117 | D:4      | Noticed Sigmund
  2138 | D:4      | Noticed Eustachio
  2143 | D:4      | Killed Sigmund
  2144 | D:4      | Reached skill level 5 in Axes
  2144 | D:4      | Reached XP level 6. HP: 9/53 MP: 6/6
  2146 | D:4      | Slain by Eustachio

Illustrated notes

Levels and vault maps discovered:
D:1:      minmay_arrival_checkered_box, layout_basic, minmay_split_cup_large
D:2:      layout_rooms, serial_shops, nicolae_shop_gaudy_bauble
D:3:      layout_loops_ring, grunt_temple_overflow_magic_moments,
          nicolae_ru_awakened_eye
D:4:      kennysheep_six_static_rooms, layout_cave_pools, grunt_gozag_statues,
          kennysheep_generic_room_3, uniq_natasha, uniq_sigmund, uniq_eustachio

Skill      XL: |  1  2  3  4  5 |
---------------+----------------+-----
Axes           | 3 4 5 |  5.2
Fighting       | 4 |  4.5
Shields        | 4 |  4.5
Armour         | 4 |  4.4

Action                     |  1- 3 |  4- 6 || total
---------------------------+-------+-------++-------
  Melee: War axe           |    83 |     7 ||    90
         Broad axe         |       |    20 ||    20
    Use: Scroll            |     1 |       ||     1
         Potion            |       |     1 ||     1
 Armour: Scale mail        |    74 |    28 ||   102
  Dodge: Dodged            |    38 |    12 ||    50
  Block: Buckler           |    11 |     6 ||    17

Table legend: (Time is in decaauts)
 A = Elapsed time spent in this place.
 B = Non-inter-level travel time spent in this place.
 C = Inter-level travel time spent in this place.
 D = Time resting spent in this place.
 E = Time spent auto-exploring this place.
 F = Levels seen in this place.
 G = Mean time per level.
                   A        B        C        D        E       F      G
               +--------+--------+--------+--------+--------+-----+--------+
         Total |   2187 |   2098 |     89 |      0 |   1714 |   4 |  546.8 |
       Dungeon |   2187 |   2098 |     89 |      0 |   1714 |   4 |  546.8 |
               +--------+--------+--------+--------+--------+-----+--------+

Top non-repeatable levels by time:
     D:1: 811 daAuts
     D:3: 803 daAuts
     D:2: 536 daAuts
     D:4: 35 daAuts
